 Dungeon Crawl Stone Soup version 0.30-a0-585-g93115170b9 (webtiles) character file.

Game seed: 1143651980748064586

3208 bobo the Thaumaturge (level 9, -5/50 HPs)
             Began as a Deep Elf Fire Elementalist on Jan 1, 2023.
             Was a Believer of Vehumet.
             Killed from afar by a steam dragon (8 damage)
             ... with a ball of steam
             ... on level 8 of the Dungeon.
             The game lasted 00:21:55 (6180 turns).

bobo the Thaumaturge (Deep Elf Fire Elementalist)   Turns: 6180, Time: 00:21:56

Health: -5/50      AC:  8    Str:  8    XL:     9   Next: 65%
Magic:  24/25      EV: 12    Int: 25    God:    Vehumet [**....]
Gold:   414        SH:  0    Dex: 18    Spells: 8/28 levels left

rFire   . . .      SeeInvis .    r - +4 falchion
rCold   + . .      Faith    .    (no shield)
rNeg    . . .      Spirit   .    z - +0 troll leather armour
rPois   +          Reflect  .    (no helmet)
rElec   .          Harm     .    C - +0 cloak
rCorr   .          Rampage  .    t - +1 pair of gloves
Will    .....                    h - +0 pair of boots
Stlth   ++                       l - amulet of magic regeneration
HPRegen 1.08/turn                p - ring of poison resistance
MPRegen 0.59/turn                s - ring "Nygumyec" {rC+ Str+3 Dex+3}

@: no status effects
A: poison resistance, robust 1, wild magic 1
a: Renounce Religion


You were on level 8 of the Dungeon.
You worshipped Vehumet.
Vehumet was pleased with you.
You visited 2 branches of the dungeon, and saw 9 of its levels.

You collected 414 gold pieces.

Inventory:

Hand Weapons
 r - a +4 falchion (weapon)
Armour
 h - a +0 pair of boots (worn)
 t - a +1 pair of gloves (worn)
 z - a +0 troll leather armour (worn)
 C - a +0 cloak (worn)
Jewellery
 l - an amulet of magic regeneration (around neck)
 p - a ring of poison resistance (left hand)
 s - the ring "Nygumyec" (right hand) {rC+ Str+3 Dex+3}
   (You found it on level 4 of the Dungeon)

   [ring of protection from cold]

   Str:       It affects your strength (+3).
   Dex:       It affects your dexterity (+3).
   rC:        It protects you from cold.
 D - a ring of flight
Wands
 a - a wand of mindburst (23)
 k - a wand of iceblast (11)
 m - a wand of polymorph (8)
 y - a wand of digging (5)
Scrolls
 c - 9 scrolls of identify {unknown}
 e - 2 scrolls of brand weapon {unknown}
 f - 3 scrolls of teleportation {unknown}
 g - 4 scrolls of enchant armour {unknown}
 n - 2 scrolls of blinking {unknown}
 o - a scroll of amnesia {unknown}
 q - a scroll of butterflies {unknown}
 x - a scroll of poison {unknown}
 B - a scroll of fog {unknown}
 E - 2 scrolls of immolation {unknown}
Potions
 b - a potion of magic
 d - a potion of experience {unknown}
 i - a potion of mutation
 j - a potion of brilliance {unknown}
 u - a potion of heal wounds {unknown}
 v - 2 potions of lignification {unknown}
 w - a potion of cancellation {unknown}
 A - a potion of resistance {unknown}
 F - a potion of curing {unknown}


   Skills:
 + Level 0.4 Fighting
 + Level 2.7 Dodging
 + Level 2.7 Stealth
 - Level 10.0 Spellcasting
 + Level 7.0 Conjurations
 - Level 5.0 Hexes
 - Level 4.0 Summonings
 - Level 7.5 Fire Magic
 + Level 4.6 Earth Magic


You had 8 spell levels left.
You knew the following spells:

 Your Spells              Type           Power      Damage    Failure   Level
a - Scorch                Fire           100%       2d10      1%          2
b - Shock                 Conj/Air       100%       1d9       3%          1
d - Inner Flame           Hex/Fire       54%        N/A       3%          3
p - Foxfire               Conj/Fire      100%       2x1d9     1%          1
s - Summon Guardian Gole  Hex/Summ       45%        N/A       5%          3
x - Flame Wave            Conj/Fire      59%        2d14      6%          4
z - Iron Shot             Conj/Erth      26%        9d6       77%         6

Your spell library contained the following spells:

 Spells                   Type           Power      Damage    Failure   Level
 Kiss of Death            Conj/Necr      100%       2d13      3%          1
 Kindle Blastsparks       Fire/Tloc/Air  64%        2d15      12%         3
 Animate Armour           Summ/Erth      88%        N/A       17%         4
 Yara's Violent Unravell  Hex/Tmut       16%        3d8       65%         5
 Blade Hands              Tmut           8%         N/A       93%         5
 Orb of Destruction       Conj           29%        9d9       99%         7
 Enfeeble                 Hex            24%        N/A       100%        7
 Spellforged Servitor     Conj/Summ      25%        N/A       100%        7
 Chain Lightning          Conj/Air       19%        3d26      100%        9
 Fire Storm               Conj/Fire      29%        8d8       100%        9
 Shatter                  Erth           23%        3d20*     100%        9


Dungeon Overview and Level Annotations

Branches:
Dungeon (8/15)             Temple (1/1) D:4
   Lair: D:8-11

Altars:
Ashenzari
Cheibriados
Dithmenos
Elyvilon
Fedhas
Hepliaklqana
Kikubaaqudgha
Makhleb
Nemelex Xobeh
Okawaru
Qazlal
Sif Muna
Trog
Uskayaw
Vehumet
Wu Jian
Xom
Yredelemnul
Zin
The Shining One

Shops:
D:4 (


Innate Abilities, Weirdness & Mutations

Your system is resistant to poisons. (rPois)
You are robust. (+10% HP)
Your spells are a little harder to cast, but a little more powerful.


Message History

You kill the shadow imp!
Vehumet accepts your kill.
Your foxfire dissipates!
Your foxfire dissipates! x2
You see here a +0 whip.
Items here: )) ÷÷.
Items here: ( )) ÷÷.
Things that are here:
a +0 short sword; a stone; a +0 short sword Done exploring.
Done exploring.
Things that are here:
a +0 short sword; 3 poisoned darts
Things that are here:
a +0 dagger; a +0 robe
Things that are here:
a +0 mace; an orc skeleton
There is a stone staircase leading down here.
You climb downwards.
The orc shouts!
There is a stone staircase leading up here.
Casting: Foxfire (safe; 1% risk of failure)
Confirm with . or Enter, or press ? or * to list all spells.
A guardian golem appears, shielding your allies.
The orc shouts! x2; The steam dragon hisses angrily.
The deep elf pyromancer points at you and mumbles some strange words.
The sticky flame misses you.
The steam dragon attacks as you move away!
The steam dragon bites you. The steam dragon misses you.
The deep elf pyromancer casts a spell at you.
The bolt of fire hits you!!!
Ouch! That really hurt!
* * * LOW HITPOINT WARNING * * *
The orc hits your guardian golem but does no damage.
It was a potion of mutation.
You feel extremely strange.
You feel robust.
You feel resistant to poisons.
You feel less in control of your magic. The steam dragon breathes steam at you.
The ball of steam hits you!
You die...

#########
#.......# #
#####@#.#####
#....D.......
#.###9..e....
..oo.....
###.......
.......
..o....
.......
.......


You could see a deep elf pyromancer, a steam dragon (catching breath, ally
target), 3 orcs and a friendly guardian golem (summoned).

Vanquished Creatures
  Pikel (D:4)
  A troll (D:6)
  Sigmund (D:4)
  Eustachio (D:4)
  An ice beast (D:7)
  Pargi (D:4)
  2 ogres
  A centaur (D:6)
  A lemure (D:4)
  A phantom (D:5)
  2 kobold brigands (D:7)
  A necrophage (D:2)
  A bullfrog (D:6)
  5 scorpions
  11 wights
  A gnoll bouda (D:7)
  3 hounds
  A jelly (D:7)
  2 orc priests (D:7)
  Crazy Yiuf (D:6)
  3 iguanas
  Ijyb (D:5)
  2 orc wizards (D:6)
  10 adders
  3 gnolls (D:7)
  A shadow imp (D:7)
  2 white imps
  2 ufetubi
  2 worms
  2 dart slugs
  18 orcs
  5 bats
  6 endoplasms
  A giant cockroach (D:3)
  5 goblins
  6 hobgoblins
  4 ball pythons
  A frilled lizard (D:1)
  16 kobolds
  3 rats
132 creatures vanquished.

Vanquished Creatures (others)
  An iguana (D:6)
  351 foxfires
352 creatures vanquished.

Grand Total: 484 creatures vanquished

Notes
Turn   | Place    | Note
-------+----------+-------------------------------------------
     0 | D:1      | bobo the Deep Elf Fire Elementalist began the quest for the
                  | Orb.
     0 | D:1      | Reached XP level 1. HP: 10/10 MP: 6/6
   483 | D:1      | Reached XP level 2. HP: 15/15 MP: 4/8
   486 | D:1      | Learned a level 2 spell: Scorch
   930 | D:2      | Noticed a necrophage
   952 | D:2      | Killed a necrophage
   953 | D:2      | Reached skill level 4 in Spellcasting
   953 | D:2      | Reached XP level 3. HP: 19/19 MP: 2/10
   953 | D:2      | Reached XP level 4. HP: 24/24 MP: 2/12
   957 | D:2      | Learned a level 3 spell: Inner Flame
   962 | D:2      | Learned a level 4 spell: Flame Wave
  1307 | D:2      | Found a hide-covered altar of Uskayaw.
  1904 | D:3      | Reached XP level 5. HP: 28/28 MP: 5/14
  2071 | D:3      | Learned a level 3 spell: Summon Guardian Golem
  2648 | D:4      | Reached skill level 5 in Spellcasting
  2648 | D:4      | Reached skill level 1 in Hexes
  2648 | D:4      | Reached skill level 1 in Summonings
  2656 | D:4      | Reached skill level 5 in Fire Magic
  2656 | D:4      | Reached XP level 6. HP: 32/32 MP: 1/16
  2769 | D:4      | Reached XP level 7. HP: 8/36 MP: 12/17
  2776 | D:4      | Noticed Pikel
  2785 | D:4      | Killed Pikel
  2786 | D:4      | Reached skill level 6 in Spellcasting
  2786 | D:4      | Reached XP level 8. HP: 14/41 MP: 10/19
  2862 | D:4      | Noticed Eustachio
  2876 | D:4      | Killed Eustachio
  2877 | D:4      | Reached skill level 5 in Conjurations
  2884 | D:4      | Learned a level 6 spell: Iron Shot
  2977 | D:4      | Noticed Pargi
  2984 | D:4      | Killed Pargi
  3113 | D:4      | Found Tuck's Weapon Shoppe.
  3116 | D:4      | Identified the ring "Nygumyec" {rC+ Str+3 Dex+3}
  3124 | D:4      | Upgraded the game from 0.30-a0-578-gdee14c521f to
                  | 0.30-a0-585-g93115170b9
  3157 | D:4      | Reached skill level 7 in Spellcasting
  3274 | D:4      | Found a staircase to the Ecumenical Temple.
  3306 | D:4      | Noticed Sigmund
  3315 | D:4      | Killed Sigmund
  3316 | D:4      | Reached skill level 5 in Hexes
  3569 | D:5      | Entered Level 5 of the Dungeon
  3735 | Temple   | Entered the Ecumenical Temple
  3840 | Temple   | Became a worshipper of Vehumet
  3904 | D:5      | Reached skill level 8 in Spellcasting
  4132 | D:5      | Reached skill level 1 in Earth Magic
  4365 | D:5      | Found a glowing golden altar of the Shining One.
  4435 | D:5      | Noticed Ijyb
  4440 | D:5      | Killed Ijyb
  4536 | D:6      | Noticed a troll
  4546 | D:6      | Killed a troll
  4547 | D:6      | Reached XP level 9. HP: 28/45 MP: 10/23
  4614 | D:6      | Found a glowing silver altar of Zin.
  4814 | D:6      | Reached skill level 9 in Spellcasting
  5329 | D:6      | Reached * piety under Vehumet
  5329 | D:6      | Offered knowledge of Shock by Vehumet.
  5332 | D:6      | Learned a level 1 spell: Shock
  5348 | D:6      | Found a runed translucent door.
  5349 | D:6      | Noticed Crazy Yiuf
  5472 | D:6      | Killed Crazy Yiuf
  5893 | D:7      | Offered knowledge of Kiss of Death by Vehumet.
  5893 | D:7      | Reached ** piety under Vehumet
  5894 | D:7      | Reached skill level 10 in Spellcasting
  6177 | D:8      | Noticed a deep elf pyromancer
  6179 | D:8      | HP: 2/46 [deep elf pyromancer/bolt of fire (41)]
  6180 | D:8      | Gained mutation: You are robust. (+10% HP) [potion of
                  | mutation]
  6180 | D:8      | Gained mutation: Your system is resistant to poisons.
                  | (rPois) [potion of mutation]
  6180 | D:8      | Gained mutation: Your spells are a little harder to cast,
                  | but a little more powerful. [potion of mutation]
  6180 | D:8      | Killed from afar by a steam dragon

Illustrated notes

Levels and vault maps discovered:
D:1:      matt_arrival_los_fun, layout_basic, minmay_3d_cube
D:2:      layout_basic, basic_altar, grunt_ministairs_9
D:3:      layout_loops_ring
D:4:      layout_loops_ring, minmay_temple_entry_antechambers, serial_shops,
          shop, uniq_sigmund, uniq_pikel, uniq_eustachio, uniq_pargi
D:5:      layout_gridville, mainiacjoe_overflow_alcove_4, uniq_ijyb
D:6:      layout_loops_ring, lemuel_crystal_altar, uniq_crazy_yiuf_cottage
D:7:      layout_cave_pools
D:8:      layout_basic, nicolae_ru_path_of_blood, kennysheep_small_circle
Temple:   regret_index_temple_chain_breaker

Skill      XL: |  1  2  3  4  5  6  7  8  9 |
---------------+----------------------------+-----
Spellcasting   | 4 5 6 8 10 | 10.0
Conjurations   | 2 3 4 5 7 |  7.0
Fire Magic     | 4 5 7 |  7.5
Hexes          | 1 2 4 5 |  5.0
Summonings     | 1 2 3 4 |  4.0
Earth Magic    | 2 4 |  4.6
Fighting       | |  0.4
Dodging        | |  2.7
Stealth        | |  2.7

Action                   |  1- 3 |  4- 6 |  7- 9 || total
-------------------------+-------+-------+-------++-------
 Cast: Foxfire           |    33 |    68 |   120 ||   221
       Scorch            |     5 |    29 |    60 ||    94
       Summon Guardian G |       |     5 |    22 ||    27
       Inner Flame       |       |     2 |    17 ||    19
       Flame Wave        |       |       |     1 ||     1
  Use: Potion            |       |       |     1 ||     1
Armor: Robe              |       |       |     5 ||     5
Dodge: Dodged            |       |     3 |    20 ||    23

Table legend: (Time is in decaauts)
 A = Elapsed time spent in this place.
 B = Non-inter-level travel time spent in this place.
 C = Inter-level travel time spent in this place.
 D = Time resting spent in this place.
 E = Time spent auto-exploring this place.
 F = Levels seen in this place.
 G = Mean time per level.
                   A        B        C        D        E       F      G
               +--------+--------+--------+--------+--------+-----+--------+
         Total |   6178 |   5788 |    390 |    118 |   4816 |   9 |  686.4 |
       Dungeon |   6055 |   5680 |    375 |    118 |   4731 |   8 |  756.9 |
        Temple |    123 |    109 |     14 |      0 |     85 |   1 |  123.0 |
               +--------+--------+--------+--------+--------+-----+--------+

Top non-repeatable levels by time:
     D:2: 1131 daAuts
     D:4: 1059 daAuts
     D:6: 1055 daAuts
     D:1: 740 daAuts
     D:3: 730 daAuts
     D:5: 723 daAuts
     D:7: 610 daAuts
  Temple: 123 daAuts
     D:8: 2 daAuts
